 Dungeon Crawl Stone Soup version 0.29-a0-1009-g60c99734e7 (console) character file.

Game seed: 15563044186333711799

122647 jejorda2 the Impaler (level 16, -25/138 HPs)
             Began as a Merfolk Berserker on Aug 8, 2022.
             Was a High Priest of Trog.
             Annihilated by a spriggan berserker
             ... wielding a +0 quarterstaff
              (27 damage)
             ... on level 4 of the Swamp on Aug 9, 2022.
             The game lasted 01:30:06 (30719 turns).

jejorda2 the Impaler (Merfolk Berserker)           Turns: 30719, Time: 01:30:06

Health: -25/138    AC: 27    Str: 23    XL:     16   Next: 88%
Magic:  0/25       EV: 17    Int:  5    God:    Trog [*****.]
Gold:   1422       SH:  0    Dex: 14    Spells: 15/15 levels left

rFire   + + .      SeeInvis .   a - +2 glaive (flame)
rCold   + . .      Faith    .   (shield currently unavailable)
rNeg    . . .      Spirit   .   F - +1 chain mail of Vlad {rF++}
rPois   +          Reflect  .   J - +2 helmet
rElec   .          Harm     .   x - +2 cloak
rCorr   .          Rampage  .   T - +3 Mad Mage's Maulers {Infuse+∞ RegenMP Int-3}
Will    +....                   A - +1 pair of boots of the Pits of Slime {rPois rC+ MP+9}
Stlth   ..........              h - amulet of regeneration
HPRegen 1.13/turn               k - ring of flight
MPRegen 0.59/turn               p - +4 ring of evasion

@: flying, studying Dodging
A: (nimble swimmer 2), mertail
a: Renounce Religion, Berserk, Trog's Hand, Brothers in Arms


You were on level 4 of the Swamp.
You worshipped Trog.
Trog was extremely pleased with you.
You visited 4 branches of the dungeon, and saw 24 of its levels.
You also visited: Bailey, Gauntlet and Volcano.

You collected 3652 gold pieces.
You spent 2230 gold pieces at shops.

Inventory:

Hand Weapons
 a - a +2 glaive of flaming (weapon)
Missiles
 e - 109 stones
 g - 3 boomerangs of dispersal
 i - 4 throwing nets
 o - 28 poisoned darts
 w - 24 javelins (quivered)
 z - 50 boomerangs
 R - 9 curare-tipped darts
Armour
 x - a +2 cloak (worn)
 A - the +1 pair of boots of the Pits of Slime (worn) {rPois rC+ MP+9}
   (You found it in a Gauntlet)

   rC:        It protects you from cold.
   rPois:     It protects you from poison.
   MP:        It affects your magic capacity (+9).
 F - the +1 chain mail of Vlad (worn) {rF++}
   (You found it in a Gauntlet)

   rF:        It greatly protects you from fire.
 J - a +2 helmet (worn)
 T - the +3 Mad Mage's Maulers (worn) {Infuse+∞ RegenMP Int-3}
   (You bought it in a shop on level 2 of the Orcish Mines)

   It empowers its wearer's blows with all of their magic.
   It causes its wearer's magical reserves to regenerate more quickly.
   Int:       It affects your intelligence (-3).
Jewellery
 f - a +6 ring of strength
 h - an amulet of regeneration (around neck)
 k - a ring of flight (left hand)
 p - a +4 ring of evasion (right hand)
 y - a ring of see invisible
 M - a ring of resist corrosion
Wands
 d - a wand of flame (26)
 l - a wand of polymorph (31)
 G - a wand of digging (18)
 N - a wand of charming (19)
 O - a wand of mindburst (2)
 Q - a wand of quicksilver (21)
Scrolls
 b - a scroll of enchant weapon
 m - a scroll of blinking
 q - a scroll of silence
 r - 14 scrolls of teleportation
 v - a scroll of magic mapping
 D - 3 scrolls of poison
 I - 3 scrolls of fear
 K - 3 scrolls of butterflies
 L - 12 scrolls of identify
 P - a scroll of summoning
Potions
 c - 4 potions of might
 j - 9 potions of heal wounds
 n - a potion of invisibility {unknown}
 s - 8 potions of haste
 t - 2 potions of ambrosia
 u - 8 potions of mutation
 B - 4 potions of cancellation
 C - 5 potions of curing
 E - 12 potions of flight
 H - 3 potions of lignification
 S - a potion of berserk rage


   Skills:
 - Level 16.0 Fighting
 + Level 20.1 Polearms
 * Level 12.3 Throwing
 + Level 12.1 Armour
 - Level 12.0 Dodging
 - Level 6.0 Evocations


You had 15 spell levels left.
You didn't know any spells.
Your spell library was empty.

Dungeon Overview and Level Annotations

Branches:
Dungeon (13/15)            Temple (0/1) D:6            Lair (5/5) D:11
  Swamp (4/4) Lair:3        Snake (0/4) Lair:2        Slime (0/5) Lair:4
    Orc (2/2) D:12            Elf (0/3) Orc:2        Vaults (0/5) D:13
 Bailey (visited)         Volcano (visited)         Gauntlet (visited)

Altars:
Dithmenos
Gozag
Hepliaklqana
Kikubaaqudgha
Nemelex Xobeh
Ru
Sif Muna
Vehumet
Jiyva

Shops:
D:5 [:?   D:6 [   D:8 (   Orc:2 [=?=[

Annotations:
D:2 1 runed translucent door, exclusion: door, Crazy Yiuf
D:11 3 runed translucent doors, pokeman's ghost, journeyman DEHW


Innate Abilities, Weirdness & Mutations

((You are very nimble when in or above water. (Stealth+, EV+, Speed+++)))
Your lower body shifts to a powerful aquatic tail in water.


Message History

The spriggan berserker is moderately wounded.
The spriggan berserker hits you with a +0 quarterstaff.
You slash the spriggan berserker! You burn the spriggan berserker.
The spriggan berserker is severely wounded.
The spriggan berserker mumbles some strange prayers to Trog.
The spriggan berserker goes berserk!
You hit the spriggan berserker but do no damage.
The spriggan berserker is severely wounded.
The spriggan berserker hits you with a +0 quarterstaff!
You completely miss the spriggan berserker.
The spriggan berserker is severely wounded.
The spriggan berserker hits you with a +0 quarterstaff!!
You closely miss the spriggan berserker.
The spriggan berserker is severely wounded.
The spriggan berserker hits you with a +0 quarterstaff!
You hit the spriggan berserker. You burn the spriggan berserker.
The spriggan berserker is severely wounded.
The spriggan berserker hits you with a +0 quarterstaff!!
You barely miss the spriggan berserker.
The spriggan berserker is severely wounded.
The spriggan berserker hits you with a +0 quarterstaff!
You are too injured to fight recklessly!
You are too injured to fight recklessly!
You are too injured to fight recklessly!
You are too injured to fight recklessly!
You hit the spriggan berserker. You burn the spriggan berserker.
The spriggan berserker is severely wounded.
The spriggan berserker hits you with a +0 quarterstaff!!!
* * * LOW HITPOINT WARNING * * *
You closely miss the spriggan berserker.
The spriggan berserker is severely wounded.
The spriggan berserker closely misses you.
You hit the spriggan berserker but do no damage.
The spriggan berserker is severely wounded.
The spriggan berserker hits you with a +0 quarterstaff!!
* * * LOW HITPOINT WARNING * * *
You slash the spriggan berserker! You burn the spriggan berserker!
The spriggan berserker is almost dead.
The spriggan berserker hits you with a +0 quarterstaff!!
You die...

♣♣♣♣♣♣♣♣♣ ♣♣♣♣♣♣♣♣♣ ♣♣♣♣♣♣
♣♣.♣..♣..♣♣♣..§♣♣~.♣♣♣~...♣
♣~....~................~§..
♣....~~..~.~.........~...~.
♣♣.....~~...~...~.§~...~.~.
♣~~.~.....@i~~.....~~....~.
♣♣~....~.~...~.....~.~..~..
♣~...§.....~..........~...~
♣♣~..~~......~...~...~~..~.
♣.........~.~.~......~..~.~
♣♣.~~~....~.~..~.~..~...~.~
♣♣.............~.~...~~.~?.
♣.~§..~§.....~...........~.
♣...~.............~...§~...


You could see a spriggan berserker (berserk).

Vanquished Creatures
  Nikola (Swamp:3)
  Mlioglotl (Swamp:4)
  A fenstrider witch (Swamp:4)
  4 eleionomae
  4 dire elephants (Lair:5)
  6 bunyips
  A minotaur (Gauntlet)
  Snorg (Lair:5)
  A fire dragon (Lair:4)
  Josephine (D:11)
  Harold (D:11)
  Erolcha (Orc:2)
  13 hydras
  A ghost crab (Swamp:2)
  6 two-headed ogres
  A centaur warrior (D:13)
  Erica (Orc:1)
  4 alligators
  8 death yaks
  Nergalle (Lair:3)
  3 spriggans
  A spectral anaconda (Lair:5)
  8 goliath frogs
  2 spriggan druids
  8 bog bodies
  7 swamp dragons
  2 wizards
  3 orc knights
  4 necromancers
  2 deep elf pyromancers
  3 ugly things
  5 will-o-the-wisps
  12 orc sorcerers (Orc:2)
  2 large abominations (Gauntlet)
  2 manticores
  4 salamanders (Volcano)
  6 oklob plants
  6 cyclopes
  A dire elephant zombie (Lair:5)
  11 elephants (Lair:5)
  Maurice (Orc:1)
  13 cane toads
  4 molten gargoyles (Volcano)
  5 black mambas
  Maggie (D:6)
  An unseen horror (D:10)
  A torpor snail (Lair:5)
  2 dire elephant skeletons (Lair:5)
  A gargoyle (Volcano)
  5 komodo dragons
  A rime drake (Lair:1)
  An efreet (D:13)
  A minotaur zombie (Gauntlet)
  5 trolls
  3 polar bears
  5 hornets
  Grinder (D:6)
  Prince Ribbit (D:5)
  5 slime creatures
  2 bloated husks
  13 tyrant leeches
  18 blink frogs
  A vampire (D:11)
  4 wraiths
  Sigmund (D:6)
  17 yaks
  A shadow (D:13)
  A wyvern (Lair:2)
  3 basilisks
  8 vampire mosquitoes
  A death yak simulacrum (Lair:5)
  Menkaure (D:5)
  14 swamp worms
  Edmund (D:4)
  4 nagas (Lair:2)
  2 spectral cane toads (Lair:5)
  3 acid dragons
  2 wargs (Orc:1)
  Duvessa (D:5)
  19 water moccasins
  A swamp drake (Swamp:4)
  20 orc warriors
  An elephant zombie (Lair:5)
  3 small abominations (Gauntlet)
  A black bear (Lair:3)
  2 ice beasts
  5 ogres
  5 centaurs
  5 wolves (Lair:4)
  2 elephant skeletons (Lair:5)
  A phantom (D:6)
  A kobold brigand (D:11)
  12 bullfrogs
  2 necrophages
  A gnoll sergeant (D:5)
  A scorpion (Lair:1)
  2 cane toad simulacra (Lair:5)
  7 wights
  Dowan (D:5)
  An elephant simulacrum (Lair:5)
  5 killer bees (D:10)
  An electric eel (Lair:4)
  5 howler monkeys
  2 hounds
  2 jellies (D:6)
  9 orc priests
  A gnoll bouda (D:10)
  Jessica (D:2)
  3 iguanas (D:6)
  33 orc wizards
  5 hell rats (Lair:5)
  29 gnolls
  7 adders
  3 worms
  4 dart slugs
  104 orcs
  6 bats
  7 endoplasms
  2 giant cockroaches
  15 hobgoblins
  9 jackals
  2 quokkas
  9 ball pythons
  3 frilled lizards
  6 goblins
  21 kobolds
  4 rats
696 creatures vanquished.

Vanquished Creatures (collateral kills)
  Donald (Swamp:2)
  A hydra (Swamp:4)
  A boulder beetle (D:13)
  4 death yaks (Lair:2)
  An obsidian statue (Lair:5)
  3 elephants (Lair:5)
  A black mamba (Lair:5)
  A tyrant leech (Gauntlet)
  3 yaks (Lair:5)
  3 vampire mosquitoes (D:13)
  A swamp worm (Swamp:4)
  A water moccasin (Lair:5)
  A swamp drake (Swamp:4)
22 creatures vanquished.

Vanquished Creatures (others)
  A bog body (Swamp:2)
  2 bloated husks
  A spriggan (Swamp:2)
  3 orc wizards
  10 foxfires
  10 fungi
  13 plants
  21 withered plants (Lair:5)
61 creatures vanquished.

Grand Total: 779 creatures vanquished

Notes
Turn   | Place    | Note
-------+----------+-------------------------------------------
     0 | D:1      | jejorda2 the Merfolk Berserker began the quest for the Orb.
     0 | D:1      | Reached XP level 1. HP: 18/18 MP: 1/1
   189 | D:1      | Reached XP level 2. HP: 14/24 MP: 2/2
   944 | D:2      | Found a faded altar of an unknown god.
   954 | D:2      | Noticed Jessica
   960 | D:2      | Killed Jessica
   961 | D:2      | Reached skill level 5 in Polearms
   961 | D:2      | Reached XP level 3. HP: 15/30 MP: 3/3
  1229 | D:2      | Reached XP level 4. HP: 35/37 MP: 4/4
  1448 | D:2      | Identified the +3 leather armour "Luugam" {Fly Stlth+}
  1512 | D:2      | Reached ** piety under Trog
  1809 | D:2      | Found a runed translucent door.
  1810 | D:2      | Noticed Crazy Yiuf
  2158 | D:3      | Reached XP level 5. HP: 42/42 MP: 5/5
  2451 | D:3      | Reached skill level 6 in Polearms
  3276 | D:4      | Reached *** piety under Trog
  3339 | D:4      | Noticed Edmund
  3361 | D:4      | Killed Edmund
  3362 | D:4      | Reached skill level 7 in Polearms
  3362 | D:4      | Reached XP level 6. HP: 49/49 MP: 6/6
  3601 | D:4      | Noticed an ice beast
  3607 | D:4      | Killed an ice beast
  3684 | D:4      | Reached skill level 5 in Fighting
  3689 | D:4      | Reached XP level 7. HP: 45/56 MP: 7/7
  4169 | D:5      | Entered Level 5 of the Dungeon
  4180 | D:5      | Noticed Menkaure
  4186 | D:5      | Killed Menkaure
  4187 | D:5      | Reached skill level 8 in Polearms
  4520 | D:5      | Noticed Dowan
  4521 | D:5      | Found Aveonk's Armour Boutique.
  4521 | D:5      | Noticed Duvessa
  4526 | D:5      | Killed Dowan
  4533 | D:5      | Killed Duvessa
  4544 | D:5      | Bought a +0 chain mail of poison resistance for 102 gold
                  | pieces
  4735 | D:5      | Reached skill level 9 in Polearms
  4754 | D:5      | Reached XP level 8. HP: 64/64 MP: 8/8
  4946 | D:5      | Noticed Prince Ribbit
  4961 | D:5      | Killed Prince Ribbit
  4962 | D:5      | Reached skill level 10 in Polearms
  5400 | D:5      | Found Ynatzo's Book Shop.
  5640 | D:5      | Found Ycebukk's Magic Scroll Boutique.
  5643 | D:5      | Bought a scroll of teleportation for 30 gold pieces
  5643 | D:5      | Bought a scroll of magic mapping for 75 gold pieces
  5710 | D:5      | Bought a +0 pair of gloves for 54 gold pieces
  6004 | D:6      | Found an opulent altar of Gozag.
  6007 | D:6      | Found an ancient bone altar of Kikubaaqudgha.
  6007 | D:6      | Found a shadowy altar of Dithmenos.
  6007 | D:6      | Found a shimmering blue altar of Sif Muna.
  6024 | D:6      | Noticed a two-headed ogre
  6031 | D:6      | Killed a two-headed ogre
  6032 | D:6      | Reached skill level 12 in Polearms
  6032 | D:6      | Reached XP level 9. HP: 69/69 MP: 9/9
  6323 | D:6      | Found Raenyl's Armour Emporium.
  6324 | D:6      | Noticed Grinder
  6336 | D:6      | Killed Grinder
  6337 | D:6      | Reached skill level 5 in Armour
  6634 | D:6      | Noticed Sigmund
  6645 | D:6      | Killed Sigmund
  6646 | D:6      | Reached skill level 13 in Polearms
  6662 | D:6      | Noticed Maggie
  6675 | D:6      | Killed Maggie
  6822 | D:6      | Found a staircase to the Ecumenical Temple.
  7360 | D:7      | Reached skill level 14 in Polearms
  7499 | D:7      | Noticed a deep elf pyromancer
  7513 | D:7      | Killed a deep elf pyromancer
  7514 | D:7      | Reached XP level 10. HP: 76/76 MP: 10/10
  7922 | D:8      | Reached skill level 15 in Polearms
  7979 | D:8      | Found a flagged portal.
  8000 | Bailey   | Entered a bailey
  8087 | Bailey   | Reached **** piety under Trog
  8395 | Bailey   | Reached skill level 16 in Polearms
  9197 | D:8      | Found Piorer's Antique Weapon Shoppe.
  9248 | D:8      | Found a sacrificial altar of Ru.
  9276 | D:8      | Found a radiant altar of Vehumet.
  9397 | D:8      | Found a sparkling altar of Nemelex Xobeh.
  9412 | D:8      | Reached skill level 5 in Dodging
  9447 | D:8      | Reached ***** piety under Trog
  9646 | D:9      | Reached skill level 17 in Polearms
  9711 | D:9      | Reached XP level 11. HP: 81/81 MP: 11/11
  9938 | D:10     | Entered Level 10 of the Dungeon
 10408 | D:10     | Reached skill level 18 in Polearms
 10827 | D:10     | Reached skill level 1 in Throwing
 10996 | D:11     | Noticed a two-headed ogre
 10999 | D:11     | Killed a two-headed ogre
 11099 | D:11     | Noticed Josephine
 11110 | D:11     | Killed Josephine
 11168 | D:11     | Noticed a cyclops
 11173 | D:11     | Killed a cyclops
 11228 | D:11     | Noticed Harold
 11251 | D:11     | Killed Harold
 11252 | D:11     | Reached skill level 19 in Polearms
 11454 | D:11     | Noticed a two-headed ogre
 11466 | D:11     | Killed a two-headed ogre
 11720 | D:11     | Noticed a green ugly thing
 11726 | D:11     | Killed a green ugly thing
 11726 | D:11     | Noticed a five-headed hydra
 11739 | D:11     | Killed a seven-headed hydra
 11913 | D:11     | Found an ancient bone altar of Kikubaaqudgha.
 11972 | D:11     | Found a runed translucent gate.
 11972 | D:11     | Found a runed translucent gate.
 11972 | D:11     | Found a runed translucent gate.
 11973 | D:11     | Noticed pokeman's ghost (journeyman DEHW)
 12047 | D:11     | Noticed an oklob plant
 12048 | D:11     | Noticed an oklob plant
 12048 | D:11     | Noticed an oklob plant
 12306 | D:11     | Found a staircase to the Lair.
 12367 | D:11     | Killed an oklob plant
 12368 | D:11     | Reached XP level 12. HP: 76/88 MP: 12/12
 12542 | D:11     | Reached skill level 20 in Polearms
 12542 | D:11     | Reached skill level 5 in Throwing
 12622 | D:12     | Found a gate leading to a gauntlet.
 12631 | Gauntlet | Entered a Gauntlet
 12631 | Gauntlet | Found a transporter.
 12640 | Gauntlet | Found a transporter.
 12659 | Gauntlet | Found a transporter.
 12663 | Gauntlet | Found a transporter.
 12679 | Gauntlet | Found a transporter.
 12692 | Gauntlet | Found a transporter.
 12697 | Gauntlet | Found a transporter.
 12701 | Gauntlet | Found a transporter.
 12732 | Gauntlet | Found a transporter.
 12740 | Gauntlet | Found a transporter.
 12740 | Gauntlet | Found a transporter.
 12744 | Gauntlet | Found a runed translucent door.
 12746 | Gauntlet | Found a runed translucent door.
 12748 | Gauntlet | Found a transporter.
 13039 | Gauntlet | Identified the +1 pair of boots of the Pits of Slime {rPois
                  | rC+ MP+9}
 13041 | Gauntlet | Identified the +1 chain mail of Vlad {rF++}
 13193 | Gauntlet | Identified the +5 short sword of Beogh, Brewing {drain,
                  | *Noise rN+ Str+2 Dex+3}
 13193 | Gauntlet | Noticed a minotaur
 13498 | Gauntlet | Identified the ring of Fuxugofe {*Slow rC+ Will+ Dex+4
                  | Slay+3}
 13508 | Gauntlet | Killed a minotaur
 13785 | D:12     | Found a staircase to the Orcish Mines.
 15487 | D:13     | Identified the +2 robe "Gummoghua" {Fly Dex+7}
 15553 | D:13     | Noticed a boulder beetle
 15582 | D:13     | Killed a boulder beetle
 15620 | D:13     | Noticed a two-headed ogre
 15629 | D:13     | Killed a two-headed ogre
 15630 | D:13     | Reached XP level 13. HP: 87/99 MP: 13/13
 15641 | D:13     | Reached skill level 10 in Throwing
 15912 | D:13     | Found a gate to the Vaults.
 17213 | D:5      | Bought a manual of Dodging for 880 gold pieces
 17356 | Lair:1   | Entered Level 1 of the Lair of Beasts
 17679 | Lair:1   | Identified the +0 scale mail "Alimuwoc" {rN+ Will+ Dex-4}
 17717 | Lair:1   | Found a hazy altar of Hepliaklqana.
 18372 | Lair:2   | Identified the +6 dagger "Socuen" {antimagic, Dex+7}
 18468 | Lair:2   | Found a staircase to the Snake Pit.
 18762 | Lair:2   | Reached skill level 10 in Fighting
 19619 | Lair:3   | Noticed Nergalle
 19631 | Lair:3   | Killed Nergalle
 19710 | Lair:3   | Found a staircase to the Swamp.
 19722 | Lair:3   | Reached skill level 1 in Evocations
 19724 | Lair:3   | Reached skill level 10 in Dodging
 19786 | Lair:3   | Reached XP level 14. HP: 111/111 MP: 14/14
 20432 | Lair:4   | Identified the +0 leather armour "Cyxze" {*Corrode rN+++
                  | Dex+9}
 20900 | Lair:4   | Reached skill level 5 in Evocations
 21073 | Lair:4   | Found a viscous altar of Jiyva.
 21073 | Lair:4   | Found a staircase to the Slime Pits.
 21823 | Lair:5   | Entered Level 5 of the Lair of Beasts
 22150 | Lair:5   | Noticed Snorg
 22164 | Lair:5   | Killed Snorg
 22612 | Lair:5   | Noticed a dire elephant
 22615 | Lair:5   | Noticed a dire elephant
 22634 | Lair:5   | Killed a dire elephant
 22786 | Lair:5   | Reached XP level 15. HP: 122/122 MP: 15/15
 22944 | Lair:5   | Received a gift from Trog
 23273 | Lair:5   | Identified the +7 falchion "Inyjuphax" {drain, Dex+2}
 23756 | Orc:1    | Entered Level 1 of the Orcish Mines
 23805 | Orc:1    | Found a dark tunnel.
 23818 | Volcano  | Entered a volcano
 24039 | Volcano  | Noticed an orb of fire
 24140 | Volcano  | Noticed an orb of fire
 24454 | Orc:1    | Noticed Erica
 24470 | Orc:1    | Killed Erica
 24492 | Orc:1    | Noticed Maurice
 24519 | Orc:1    | Killed Maurice
 24869 | Orc:2    | Entered Level 2 of the Orcish Mines
 25124 | Orc:2    | Found Aduyd's Armour Shoppe.
 25226 | Orc:2    | Found a staircase to the Elven Halls.
 25321 | Orc:2    | Paralysed by an orc sorcerer for 2 turns
 25372 | Orc:2    | Found a radiant altar of Vehumet.
 25372 | Orc:2    | Noticed Erolcha
 25387 | Orc:2    | Killed Erolcha
 25401 | Orc:2    | Found Lumm's Magic Scroll Shop.
 25401 | Orc:2    | Paralysed by an orc sorcerer for 5 turns
 25490 | Orc:2    | Found Babeidup's Jewellery Shop.
 25490 | Orc:2    | Found Dyotinn's Antique Armour Boutique.
 25496 | Orc:2    | Found an ancient bone altar of Kikubaaqudgha.
 25507 | Orc:2    | Found Cutuz's Jewellery Boutique.
 25685 | Orc:2    | Reached ****** piety under Trog
 25943 | Orc:2    | Bought a pair of bloodstained boots for 209 gold pieces
 25943 | Orc:2    | Identified the +2 pair of boots "Fixuroz" {Will+++ rCorr
                  | Str+4 Int-5} (You bought it in a shop on level 2 of the
                  | Orcish Mines)
 25943 | Orc:2    | Bought the +3 Mad Mage's Maulers {Infuse+∞ RegenMP Int-3}
                  | for 880 gold pieces
 25943 | Orc:2    | Found the +3 Mad Mage's Maulers {Infuse+∞ RegenMP Int-3}
 26205 | Swamp:1  | Entered Level 1 of the Swamp
 26206 | Swamp:1  | Identified the +1 robe of Distant Shores {Drain Will+
                  | Str+3}
 26277 | Swamp:1  | Received a gift from Trog
 26278 | Swamp:1  | Reached skill level 10 in Armour
 27105 | Swamp:2  | Reached XP level 16. HP: 109/134 MP: 1/16
 27659 | Swamp:2  | HP: 8/186 [acid (10)]
 27983 | Swamp:2  | Noticed Donald
 27992 | Swamp:2  | Killed Donald
 28547 | Swamp:3  | Reached skill level 15 in Fighting
 28763 | Swamp:3  | Identified the +2 chain mail "Nyzeqed" {-Tele rC- Will+++}
 29183 | Swamp:3  | Noticed Nikola
 29191 | Swamp:3  | Killed Nikola
 29591 | Swamp:4  | Entered Level 4 of the Swamp
 29744 | Swamp:4  | Noticed a fenstrider witch
 29746 | Swamp:4  | Paralysed by a fenstrider witch for 4 turns
 29754 | Swamp:4  | Killed a fenstrider witch
 30062 | Swamp:4  | Noticed Mlioglotl
 30076 | Swamp:4  | Killed Mlioglotl
 30718 | Swamp:4  | HP: 1/138 [spriggan berserker/+0 quarterstaff (30)]
 30719 | Swamp:4  | Annihilated by a spriggan berserker

Illustrated notes

Levels and vault maps discovered:
D:1:      minmay_arrival_glassed_features, layout_basic
D:2:      layout_loops_cross, basic_ecumenical_altar, uniq_jessica,
          uniq_crazy_yiuf_cottage
D:3:      layout_basic
D:4:      layout_rooms, uniq_edmund
D:5:      layout_loops_corners, serial_shops, shop_coins, kennysheep_mini_moat,
          shop_statue, uniq_duvessa, uniq_menkaure, uniq_prince_ribbit1
D:6:      layout_basic, grunt_temple_overflow_open,
          minmay_temple_entry_poolview, serial_shops, nicolae_shop_crystal,
          uniq_sigmund, uniq_grinder, uniq_maggie
D:7:      layout_cave_pods, guppyfry_early_elven_hall
D:8:      layout_rooms, mainiacjoe_overflow_concentric_impassable,
          mainiacjoe_overflow_two_lobes, special_room [special_room_orc],
          enter_bailey_4, minmay_shop_grid_forest, hangedman_decor_opposing
D:9:      layout_roguey, minmay_misc_feat_rugged
D:10:     layout_roguey
D:11:     layout_basic, dpeg_oklobed_lair, ebering_ghost_rock_garden,
          grunt_ministairs_2, kiku_gazebo_pond_becter, uniq_josephine,
          uniq_harold
D:12:     layout_layer_cave, david_orc_2, gauntlet_entry_generic,
          chequers_decorated_corner, nrook_mini_vaults
D:13:     layout_loops_ring, david_vaults_1
Lair:1:   layout_loops_ring, basic_altar, infiniplex_staircase_pool
Lair:2:   layout_layer_cave, guppyfry_snake_entry_island
Lair:3:   layout_chaotic_city, swamp_mist, uniq_nergalle
Lair:4:   dragon1_lemuel, layout_cave_shapes, minmay_slime_entry_oklob_open,
          serial_bayou_lagoon_a, chequers_serial_rivers_marsh,
          columned_hall_lemuel, chequers_serial_rivers_room_b,
          chequers_serial_rivers_marsh
Lair:5:   due_jungle_book, layout_gridlike, uniq_snorg
Swamp:1:  layout_falls_marsh, evilmike_swamp_ruin_rubble_1,
          infiniplex_staircase_pool_2
Swamp:2:  nicolae_swamp_ascending_descending, layout_basic_swamp,
          evilmike_swamp_ruin_house_2, uniq_donald
Swamp:3:  layout_basic_swamp, nicolae_swamp_stair_fork, swamp_pool2,
          nzn_swamp_dancing_lights, uniq_nikola
Swamp:4:  swamp_basic_johnstein, layout_basic_swamp, uniq_mlioglotl
Orc:1:    layout_caves, nicolae_volcano_entry_lava_flow, uniq_maurice,
          uniq_erica
Orc:2:    kennysheep_orc_mage_school, layout_diamond_mine, serial_shops, shop

Skill      XL: |  1  2  3  4  5  6  7  8  9 10 11 12 13 14 15 16 |
---------------+-------------------------------------------------+-----
Polearms       | 5 7 9 12 14 17 19 20 | 20.1
Armour         | 2 3 4 6 7 10 12 | 12.1
Fighting       | 4 5 6 8 10 12 14 16 | 16.0
Dodging        | 5 6 10 12 | 12.0
Throwing       | 4 9 12 | 12.3
Evocations     | 2 6 |  6.0

Action                   |  1- 3 |  4- 6 |  7- 9 | 10-12 | 13-15 | 16-18 || total
-------------------------+-------+-------+-------+-------+-------+-------++-------
Melee: Spear             |    92 |   237 |       |       |       |       ||   329
       Punch             |       |     1 |       |       |       |       ||     1
       Halberd           |       |    26 |   194 |    16 |       |       ||   236
       Glaive            |       |       |    39 |   680 |  1242 |   274 ||  2235
       Tailslap          |       |       |       |     8 |     2 |       ||    10
       Trident           |       |       |       |     8 |    11 |       ||    19
Throw: Stone             |     7 |       |     8 |     7 |       |       ||    22
       Dart              |       |       |       |     3 |       |       ||     3
       Boomerang         |       |       |       |    10 |    69 |    29 ||   108
       Javelin           |       |       |       |       |    13 |    10 ||    23
Invok: Berserk           |     2 |     3 |     6 |    10 |    12 |     3 ||    36
       Trog's Hand       |       |       |     2 |     5 |     5 |     4 ||    16
       Brothers in Arms  |       |       |       |     3 |     4 |     3 ||    10
  Use: Potion            |     1 |       |       |     1 |     1 |     4 ||     7
       Scroll            |       |       |    21 |     7 |     2 |     4 ||    34
 Stab: Sleeping          |     1 |       |       |       |       |       ||     1
Armor: Animal skin       |     1 |       |       |       |       |       ||     1
       Chain mail        |    51 |   115 |    75 |   220 |   342 |   134 ||   937
Dodge: Dodged            |    29 |    78 |   100 |   378 |   740 |   203 ||  1528
Block: Other             |       |       |       |    37 |    14 |       ||    51
       Reflection        |       |       |       |     7 |       |       ||     7

Table legend: (Time is in decaauts)
 A = Elapsed time spent in this place.
 B = Non-inter-level travel time spent in this place.
 C = Inter-level travel time spent in this place.
 D = Time resting spent in this place.
 E = Time spent auto-exploring this place.
 F = Levels seen in this place.
 G = Mean time per level.
                   A        B        C        D        E       F      G
               +--------+--------+--------+--------+--------+-----+--------+
         Total |  29986 |  28292 |   1694 |   3791 |  19604 |  27 | 1110.6 |
       Dungeon |  15619 |  14502 |   1117 |   1950 |  10478 |  13 | 1201.5 |
          Lair |   6252 |   5864 |    388 |    648 |   4116 |   5 | 1250.4 |
         Swamp |   4169 |   4128 |     41 |    276 |   3231 |   4 | 1042.2 |
  Orcish Mines |   1601 |   1455 |    146 |     27 |   1035 |   2 |  800.5 |
        Bailey |    688 |    688 |      0 |    178 |    218 |   1 |  688.0 |
       Volcano |    548 |    548 |      0 |     16 |    362 |   1 |  548.0 |
      Gauntlet |   1104 |   1104 |      0 |    694 |    162 |   1 | 1104.0 |
               +--------+--------+--------+--------+--------+-----+--------+

Top non-repeatable levels by time:
    D:13: 1719 daAuts
    D:12: 1715 daAuts
    D:11: 1682 daAuts
  Lair:5: 1564 daAuts
  Lair:4: 1462 daAuts
 Swamp:2: 1345 daAuts
     D:5: 1325 daAuts
  Lair:2: 1321 daAuts
     D:4: 1286 daAuts
     D:3: 1261 daAuts
     D:6: 1162 daAuts
     D:1: 1126 daAuts
Gauntlet: 1104 daAuts
     D:7: 1095 daAuts
    D:10: 1090 daAuts
